SA
MT. VERNON BULLS @ GRIM REAPERS
09/03/2026
 
TOP OF THE 1ST
Mt. Vernon Bulls batting - Pitching for Grim Reapers : RHP Quinton Richards
Pitching: RHP Quinton Richards
Batting: RHB Noël Sassetti 0-0: Foul Ball, location: 2F
0-1: Foul Ball, location: 2F
0-2: Ball
1-2: Strikes out swinging
Batting: RHB Louis Litt 0-0: Fly out, F1 (Line Drive, 13)
Batting: RHB Abraham Phelps 0-0: Called Strike
0-1: Ball
1-1: Ball
2-1: Ball
3-1: Base on Balls
Batting: LHB Lee Hart 0-0: Ball
1-0: Fly out, F4 (Popup, 3D)
Top of the 1st over - 0 run(s), 0 hit(s), 0 error(s), 1 left on base; Mt. Vernon 0 - Grim 0
BOTTOM OF THE 1ST
Grim Reapers batting - Pitching for Mt. Vernon Bulls : RHP Pete Venegas
Pitching: RHP Pete Venegas
Batting: SHB Javier Vázquez 0-0: Ball
1-0: Ball
2-0: Fly out, F8 (Flyball, 8LM)
Batting: RHB Tomás Costello 0-0: Fly out, F7 (Line Drive, 78D)
Batting: SHB Marcos Roa 0-0: Foul Ball, location: 2F
0-1: Foul Ball, location: 2F
0-2: Ground out 4-3 (Groundball, 4)
Bottom of the 1st over - 0 run(s), 0 hit(s), 0 error(s), 0 left on base; Mt. Vernon 0 - Grim 0
TOP OF THE 2ND
Mt. Vernon Bulls batting - Pitching for Grim Reapers : RHP Quinton Richards
Batting: RHB António López 0-0: Ground out 4-3 (Groundball, 6MS)
Batting: RHB Ken Gardner 0-0: Called Strike
0-1: Ball
1-1: Ball
2-1: Ground out 6-3 (Groundball, 6MS)
Batting: RHB Ryan Robbins 0-0: Called Strike
0-1: Ball
1-1: Swinging Strike
1-2: Ball
2-2: Ball
3-2: Strikes out swinging
Top of the 2nd over - 0 run(s), 0 hit(s), 0 error(s), 0 left on base; Mt. Vernon 0 - Grim 0
BOTTOM OF THE 2ND
Grim Reapers batting - Pitching for Mt. Vernon Bulls : RHP Pete Venegas
Batting: RHB Dave Sienna 0-0: Ball
1-0: Fly out, F3 (Popup, 3L)
Batting: LHB Dante Aristizabal 0-0: Fly out, F4 (Popup, 4)
Batting: RHB Raúl Moreno 0-0: Called Strike
0-1: Swinging Strike
0-2: Fly out, F8 (Flyball, 8RS)
Bottom of the 2nd over - 0 run(s), 0 hit(s), 0 error(s), 0 left on base; Mt. Vernon 0 - Grim 0
TOP OF THE 3RD
Mt. Vernon Bulls batting - Pitching for Grim Reapers : RHP Quinton Richards
Batting: LHB Pablo Morales 0-0: Ball
1-0: Swinging Strike
1-1: Called Strike
1-2: Foul Ball, location: 2F
1-2: Foul Ball, location: 2F
1-2: Ball
2-2: Strikes out swinging
Batting: RHB Dixon Snyder 0-0: Ball
1-0: Ball
2-0: Foul Ball, location: 2F
2-1: Ball
3-1: Called Strike
3-2: Strikes out swinging
Batting: RHB Noël Sassetti 0-0: Ball
1-0: Called Strike
1-1: Ball
2-1: Ball
3-1: Foul Ball, location: 2F
3-2: Ground out 4-3 (Groundball, 4)
Top of the 3rd over - 0 run(s), 0 hit(s), 0 error(s), 0 left on base; Mt. Vernon 0 - Grim 0
BOTTOM OF THE 3RD
Grim Reapers batting - Pitching for Mt. Vernon Bulls : RHP Pete Venegas
Batting: LHB Steve Costillo 0-0: Called Strike
0-1: Foul Ball, location: 2F
0-2: Fly out, F7 (Flyball, 7LM)
Batting: RHB Tomás Duarte 0-0: Called Strike
0-1: Ball
1-1: Swinging Strike
1-2: Reached on error, E5 (Groundball, 5L)
Batting: RHB Mason Congdon 0-0: Foul Ball, location: 2F
0-1: SINGLE (Groundball, 6MD)
Tomás Duarte to second
Batting: SHB Javier Vázquez 0-0: Called Strike
Tomás Duarte steals 3rd base
Mason Congdon to second
0-1: Ball
1-1: Ball
2-1: Fly out, F7 (Flyball, 7LSF)
Runner from 3rd tags up, SCORES, no throw
Batting: RHB Tomás Costello 0-0: Ground out 6-3 (Groundball, 56)
Bottom of the 3rd over - 1 run(s), 1 hit(s), 1 error(s), 1 left on base; Mt. Vernon 0 - Grim 1
TOP OF THE 4TH
Mt. Vernon Bulls batting - Pitching for Grim Reapers : RHP Quinton Richards
Batting: RHB Louis Litt 0-0: SINGLE (Groundball, 6MD)
Batting: RHB Abraham Phelps 0-0: Called Strike
0-1: Swinging Strike
0-2: Ball
1-2: Foul Ball, location: 2F
1-2: Fly out, F4 (Flyball, 4MD)
Batting: LHB Lee Hart 0-0: Called Strike
0-1: Foul Ball, location: 2F
0-2: Ball
1-2: DOUBLE (Flyball, 78D)
Louis Litt to third
Batting: RHB António López 0-0: Ball
1-0: Ball
2-0: Ball
3-0: Called Strike
3-1: Swinging Strike
3-2: Fly out, F2 (Popup, 3S)
Batting: RHB Ken Gardner 0-0: Ball
1-0: Ground out 4-3 (Groundball, 4M)
Top of the 4th over - 0 run(s), 2 hit(s), 0 error(s), 2 left on base; Mt. Vernon 0 - Grim 1
BOTTOM OF THE 4TH
Grim Reapers batting - Pitching for Mt. Vernon Bulls : RHP Pete Venegas
Batting: SHB Marcos Roa 0-0: SINGLE (Flyball, 89S)
Batting: RHB Dave Sienna 0-0: SINGLE (Line Drive, 56)
Marcos Roa to second
Batting: LHB Dante Aristizabal 0-0: Called Strike
0-1: Grounds into double play, 5-4-3 (Groundball, 56)
Marcos Roa to third
Batting: RHB Raúl Moreno 0-0: Foul Ball, location: 2F
0-1: Ball
1-1: Ball
2-1: Ball
3-1: SINGLE (Flyball, 34D)
Marcos Roa scores
Batting: LHB Steve Costillo 0-0: Called Strike
0-1: Called Strike
0-2: Ball
1-2: DOUBLE (Line Drive, 7LM)
Raúl Moreno to third
Runner from 3rd tries for Home, SAFE, throw made at trailing runner, SAFE at third!
Batting: RHB Tomás Duarte 0-0: Ball
1-0: Called Strike
1-1: DOUBLE (Line Drive, 9LM)
Steve Costillo scores
Batting: RHB Mason Congdon 0-0: Ground out 4-3 (Groundball, 4MS)
Bottom of the 4th over - 3 run(s), 5 hit(s), 0 error(s), 1 left on base; Mt. Vernon 0 - Grim 4
TOP OF THE 5TH
Mt. Vernon Bulls batting - Pitching for Grim Reapers : RHP Quinton Richards
Batting: RHB Ryan Robbins 0-0: Called Strike
0-1: Swinging Strike
0-2: Ball
1-2: Foul Ball, location: 2F
1-2: Strikes out swinging
Batting: LHB Pablo Morales 0-0: SINGLE (Groundball, 4MD)
Batting: RHB Dixon Snyder 0-0: SINGLE (Flyball, 89S)
Pablo Morales to second
Runner from 2nd tries for 3rd, SAFE, no throw
Batting: RHB Noël Sassetti 0-0: 3-RUN HOME RUN (Flyball, 8LXD), Distance : 446 ft
Batting: RHB Louis Litt 0-0: Called Strike
0-1: Ground out 6-3 (Groundball, 56)
Batting: RHB Abraham Phelps 0-0: Called Strike
0-1: Ground out 4-3 (Groundball, 34)
Top of the 5th over - 3 run(s), 3 hit(s), 0 error(s), 0 left on base; Mt. Vernon 3 - Grim 4
BOTTOM OF THE 5TH
Grim Reapers batting - Pitching for Mt. Vernon Bulls : RHP Pete Venegas
Batting: SHB Javier Vázquez 0-0: Ball
1-0: Swinging Strike
1-1: Called Strike
1-2: Strikes out swinging
Batting: RHB Tomás Costello 0-0: Reached on error, E5 (Groundball, 5S)
Batting: SHB Marcos Roa 0-0: Called Strike
0-1: Called Strike
0-2: Ball
1-2: Ball
Throwing error on steal attempt, E2
Tomás Costello to third
2-2: Foul Ball, location: 2F
2-2: Ball
3-2: Intentional Walk
Batting: RHB Dave Sienna 0-0: Swinging Strike
0-1: Called Strike
0-2: Ball
1-2: Strikes out swinging
Batting: LHB Dante Aristizabal 0-0: Ball
1-0: Ball
2-0: Ball
3-0: Base on Balls
Marcos Roa to second
Batting: RHB Raúl Moreno 0-0: Called Strike
0-1: Swinging Strike
0-2: Foul Ball, location: 2F
0-2: Ball
1-2: Foul Ball, location: 2F
1-2: Strikes out looking
Bottom of the 5th over - 0 run(s), 0 hit(s), 2 error(s), 3 left on base; Mt. Vernon 3 - Grim 4
TOP OF THE 6TH
Mt. Vernon Bulls batting - Pitching for Grim Reapers : RHP Quinton Richards
Batting: LHB Lee Hart 0-0: Foul Ball, location: 2F
0-1: Ground out 3-1 (Groundball, 34)
Batting: RHB António López 0-0: SINGLE (Groundball, 34D)
Batting: RHB Ken Gardner 0-0: Called Strike
0-1: Grounds into double play, 4-6-3 (Groundball, 34)
Top of the 6th over - 0 run(s), 1 hit(s), 0 error(s), 0 left on base; Mt. Vernon 3 - Grim 4
BOTTOM OF THE 6TH
Grim Reapers batting - Pitching for Mt. Vernon Bulls : RHP Pete Venegas
Batting: LHB Steve Costillo 0-0: Ball
1-0: Foul Ball, location: 2F
1-1: Ball
2-1: Reached on error, E3 (Groundball, 34)
Batting: RHB Tomás Duarte 0-0: Intentional Walk
Pitching: RHP Pepe Delgado
Batting: RHB Mason Congdon 0-0: Ball
1-0: SINGLE (Flyball, 8RS)
Steve Costillo to third
Tomás Duarte to second
Batting: SHB Javier Vázquez 0-0: Ball
1-0: Swinging Strike
1-1: Swinging Strike
1-2: SINGLE (Flyball, 8RS)
Steve Costillo scores
Tomás Duarte to third
Mason Congdon to second
Batting: RHB Tomás Costello 0-0: Ball
1-0: Ball
2-0: Grounds into fielders choice 6-2 (Groundball, 56)
Mason Congdon to third
Javier Vázquez to second
Batting: SHB Marcos Roa 0-0: Called Strike
0-1: Ball
1-1: Foul Ball, location: 2F
1-2: Ball
2-2: Strikes out swinging
Batting: RHB Dave Sienna 0-0: Ball
1-0: Ball
2-0: Called Strike
2-1: Foul Ball, location: 2F
2-2: Ball
3-2: Foul Ball, location: 2F
3-2: SINGLE (Groundball, 6D)
Mason Congdon scores
Javier Vázquez to third
Tomás Costello to second
Javier Vázquez scores
Tomás Costello to third
Batting: LHB Dante Aristizabal 0-0: Ball
1-0: Swinging Strike
1-1: Ground out 4-3 (Groundball, 34)
Bottom of the 6th over - 3 run(s), 3 hit(s), 1 error(s), 2 left on base; Mt. Vernon 3 - Grim 7
TOP OF THE 7TH
Mt. Vernon Bulls batting - Pitching for Grim Reapers : RHP Quinton Richards
Batting: RHB Ryan Robbins 0-0: Called Strike
0-1: Called Strike
0-2: Ground out 6-3 (Groundball, 56)
Batting: LHB Pablo Morales 0-0: Called Strike
0-1: Foul Ball, location: 2F
0-2: Ball
1-2: Fly out, F5 (Popup, 5L)
Batting: RHB Dixon Snyder 0-0: Called Strike
0-1: Ball
1-1: Ball
2-1: SINGLE (Flyball, 6MD)
Batting: RHB Noël Sassetti 0-0: Ball
1-0: Ball
2-0: Ground out 5-3 (Groundball, 5S)
Top of the 7th over - 0 run(s), 1 hit(s), 0 error(s), 1 left on base; Mt. Vernon 3 - Grim 7
BOTTOM OF THE 7TH
Grim Reapers batting - Pitching for Mt. Vernon Bulls : RHP Pepe Delgado
Batting: RHB Raúl Moreno 0-0: Called Strike
0-1: Ball
1-1: Ball
2-1: Foul Ball, location: 2F
2-2: Strikes out looking
Batting: LHB Steve Costillo 0-0: Called Strike
0-1: Ball
1-1: Ball
2-1: Called Strike
2-2: Fly out, F6 (Popup, 56D)
Batting: RHB Tomás Duarte 0-0: Ball
1-0: Fly out, F8 (Flyball, 89D)
Bottom of the 7th over - 0 run(s), 0 hit(s), 0 error(s), 0 left on base; Mt. Vernon 3 - Grim 7
TOP OF THE 8TH
Mt. Vernon Bulls batting - Pitching for Grim Reapers : RHP Quinton Richards
Batting: RHB Louis Litt 0-0: Ball
1-0: Ball
2-0: Ground out 6-3 (Groundball, 6)
Batting: RHB Abraham Phelps 0-0: Ball
1-0: Ball
2-0: Fly out, F8 (Line Drive, 8LM)
Batting: LHB Lee Hart 0-0: Ball
1-0: Swinging Strike
1-1: Ball
2-1: Swinging Strike
2-2: Foul Ball, location: 2F
2-2: Strikes out swinging
Top of the 8th over - 0 run(s), 0 hit(s), 0 error(s), 0 left on base; Mt. Vernon 3 - Grim 7
BOTTOM OF THE 8TH
Grim Reapers batting - Pitching for Mt. Vernon Bulls : RHP Pepe Delgado
Batting: RHB Mason Congdon 0-0: Called Strike
0-1: Called Strike
0-2: Ball
1-2: Strikes out looking
Batting: SHB Javier Vázquez 0-0: Foul Ball, location: 2F
0-1: Ball
1-1: Called Strike
1-2: Strikes out looking
Batting: RHB Tomás Costello 0-0: Ground out 6-3 (Groundball, 6)
Bottom of the 8th over - 0 run(s), 0 hit(s), 0 error(s), 0 left on base; Mt. Vernon 3 - Grim 7
TOP OF THE 9TH
Mt. Vernon Bulls batting - Pitching for Grim Reapers : RHP Quinton Richards
Batting: RHB António López 0-0: Swinging Strike
0-1: Ball
1-1: Foul Ball, location: 2F
1-2: Ball
2-2: Foul Ball, location: 2F
2-2: Fly out, F7 (Flyball, 7)
Pitching: LHP Ricardo Ruíz
Batting: RHB Ken Gardner 0-0: Swinging Strike
0-1: Swinging Strike
0-2: Ball
1-2: Foul Ball, location: 2F
1-2: Strikes out swinging
Batting: RHB Ryan Robbins 0-0: Ball
1-0: Ball
2-0: Foul Ball, location: 2F
2-1: Ball
3-1: Foul Ball, location: 2F
3-2: Ground out U3 (Groundball, 34)
Top of the 9th over - 0 run(s), 0 hit(s), 0 error(s), 0 left on base; Mt. Vernon 3 - Grim 7
Monday, March 20th, 2017 - OOTP Baseball 17.12 Build 75